3AA
BELVEDERE PARK RAWHIDES @ NORTONVILLE CHEROKEES
05/05/2021
 
TOP OF THE 1ST
Belvedere Park Rawhides batting - Pitching for Nortonville Cherokees : RHP Bill Swain
Pitching: RHP Bill Swain
Batting: RHB Fernando Rivera 0-0: Ball
1-0: Ball
2-0: SINGLE (Flyball, 8LS)
Batting: SHB Ron Bunch 0-0: Called Strike
0-1: Swinging Strike
0-2: Ball
1-2: Fielders Choice at 2nd, 4-6 (Groundball, 4M)
Batting: RHB Tom Strickland 0-0: Ball
1-0: Grounds into double play, 4-6-3 (Groundball, 4)
Top of the 1st over - 0 run(s), 1 hit(s), 0 error(s), 0 left on base; Belvedere Park 0 - Nortonville 0
BOTTOM OF THE 1ST
Nortonville Cherokees batting - Pitching for Belvedere Park Rawhides : RHP John Willis
Pitching: RHP John Willis
Batting: RHB David Sánchez 0-0: Called Strike
0-1: Fly out, F7 (Flyball, 7M)
Batting: RHB Claudio Torres 0-0: Ball
1-0: Reached on error, E4 (Groundball, 4M)
Batting: RHB Chris Oudekirk 0-0: Called Strike
0-1: Ball
1-1: Ball
2-1: Foul Ball, location: 2F
2-2: Ball
3-2: SINGLE (Line Drive, 4D)
Claudio Torres to third
Runner from 3rd tries for Home, throw and OUT!
Chris Oudekirk to second
Batting: RHB Bill Manning 0-0: Ball
1-0: Ball
2-0: Fly out, F4 (Popup, 4MD)
Bottom of the 1st over - 0 run(s), 1 hit(s), 1 error(s), 1 left on base; Belvedere Park 0 - Nortonville 0
TOP OF THE 2ND
Belvedere Park Rawhides batting - Pitching for Nortonville Cherokees : RHP Bill Swain
Batting: RHB Javier Garza 0-0: Ball
1-0: Called Strike
1-1: Called Strike
1-2: Ball
2-2: Ball
3-2: Strikes out looking
Batting: RHB Rob Young 0-0: Ball
1-0: Ball
2-0: Ball
3-0: Called Strike
3-1: Foul Ball, location: 2F
3-2: Foul Ball, location: 2F
3-2: Ground out 6-3 (Groundball, 6)
Batting: RHB Danny Penn 0-0: SINGLE (Groundball, 6MD)
Batting: SHB Ryan Cook 0-0: Called Strike
0-1: Ball
1-1: Called Strike
1-2: Ball
Wild Pitch!
Danny Penn to second
2-2: Ball
3-2: Strikes out swinging
Top of the 2nd over - 0 run(s), 1 hit(s), 0 error(s), 1 left on base; Belvedere Park 0 - Nortonville 0
BOTTOM OF THE 2ND
Nortonville Cherokees batting - Pitching for Belvedere Park Rawhides : RHP John Willis
Batting: SHB Gonzalo Valentín 0-0: Called Strike
0-1: Foul Ball, location: 2F
0-2: Ball
1-2: Foul Ball, location: 2F
1-2: Foul Ball, location: 2F
1-2: Ball
2-2: Foul Ball, location: 2F
2-2: Ball
3-2: Foul Ball, location: 2F
3-2: Base on Balls
Batting: LHB Jafar Taha 0-0: Ball
1-0: Foul Ball, location: 2F
1-1: SINGLE (Line Drive, 9S)
Gonzalo Valentín to second
Runner from 2nd tries for 3rd, SAFE, throw made to third
Batting: SHB Craig Barnes 0-0: Foul Ball, location: 2F
0-1: Ball
1-1: Foul Ball, location: 2F
1-2: Ball
Wild Pitch!
Gonzalo Valentín scores
Jafar Taha to second
2-2: SINGLE (Groundball, 4MD)
Jafar Taha to third
Batting: LHB Anthony Trigg 0-0: Ball
1-0: Swinging Strike
1-1: Ball
2-1: Ball
3-1: Base on Balls
Craig Barnes to second
Batting: RHB Jim Unknown 0-0: Ball
1-0: Ball
2-0: Ball
3-0: Base on Balls
Jafar Taha scores
Craig Barnes to third
Anthony Trigg to second
Batting: RHB David Sánchez 0-0: Called Strike
0-1: Foul Ball, location: 2F
0-2: Foul Ball, location: 2F
0-2: Ball
Wild Pitch!
Craig Barnes scores
Anthony Trigg to third
Jim Unknown to second
1-2: Ball
2-2: SINGLE (Line Drive, 7S)
Anthony Trigg scores
Jim Unknown to third
Batting: RHB Claudio Torres 0-0: Ball
David Sánchez is caught stealing 2nd base
1-0: Ball
2-0: Foul Ball, location: 2F
2-1: Foul Ball, location: 2F
2-2: Strikes out swinging
Batting: RHB Chris Oudekirk 0-0: Ball
1-0: Called Strike
1-1: Swinging Strike
1-2: Reached on error, E6 (Groundball, 6M)
Jim Unknown scores
Batting: RHB Bill Manning 0-0: Ball
1-0: Ground out 5-3 (Groundball, 56S)
Bottom of the 2nd over - 5 run(s), 3 hit(s), 1 error(s), 1 left on base; Belvedere Park 0 - Nortonville 5
TOP OF THE 3RD
Belvedere Park Rawhides batting - Pitching for Nortonville Cherokees : RHP Bill Swain
Batting: RHB Pedro Jiménez 0-0: Swinging Strike
0-1: Foul Ball, location: 2F
0-2: Ball
1-2: Ball
2-2: Ball
3-2: Strikes out swinging
Batting: LHB Dinis Marcha 0-0: Ball
1-0: Ball
2-0: Ball
3-0: Called Strike
3-1: Base on Balls
Batting: RHB Fernando Rivera 0-0: Ball
1-0: Ball
2-0: Called Strike
2-1: Ball
3-1: SINGLE (Groundball, 6MD) (infield hit)
Dinis Marcha to second
Batting: SHB Ron Bunch 0-0: Swinging Strike
0-1: SINGLE (Groundball, 34)
Dinis Marcha to third
Fernando Rivera to second
Runner from 3rd tries for Home, SAFE, no throw or cutoff
Pitching: LHP Homer O'Lannigan
Batting: RHB Tom Strickland 0-0: Ball
1-0: Swinging Strike
1-1: Foul Ball, location: 2F
1-2: Foul Ball, location: 2F
1-2: Foul Ball, location: 2F
1-2: Fly out, F8 (Flyball, 8LS)
Batting: RHB Javier Garza 0-0: Foul Ball, location: 2F
0-1: Ground out 6-3 (Groundball, 6)
Top of the 3rd over - 1 run(s), 2 hit(s), 0 error(s), 2 left on base; Belvedere Park 1 - Nortonville 5
BOTTOM OF THE 3RD
Nortonville Cherokees batting - Pitching for Belvedere Park Rawhides : RHP John Willis
Batting: SHB Gonzalo Valentín 0-0: Called Strike
0-1: Swinging Strike
0-2: Ball
1-2: Ball
2-2: Ball
3-2: Foul Ball, location: 2F
3-2: Base on Balls
Batting: LHB Jafar Taha 0-0: Ball
1-0: Grounds into double play, 4-6-3 (Groundball, 4)
Batting: SHB Craig Barnes 0-0: Foul Ball, location: 2F
0-1: Called Strike
0-2: Ball
1-2: Foul Ball, location: 2F
1-2: Ground out 1-3 (Groundball, 23)
Bottom of the 3rd over - 0 run(s), 0 hit(s), 0 error(s), 0 left on base; Belvedere Park 1 - Nortonville 5
TOP OF THE 4TH
Belvedere Park Rawhides batting - Pitching for Nortonville Cherokees : LHP Homer O'Lannigan
Batting: RHB Rob Young 0-0: Foul Ball, location: 2F
0-1: Foul Ball, location: 2F
0-2: Strikes out looking
Batting: RHB Danny Penn 0-0: Foul Ball, location: 2F
0-1: SOLO HOME RUN (Flyball, 7LD), Distance : 362 ft
Batting: SHB Ryan Cook 0-0: Ball
1-0: Swinging Strike
1-1: Ball
2-1: Ground out 6-3 (Groundball, 6)
Batting: RHB Pedro Jiménez 0-0: Ball
1-0: Ball
2-0: Ground out 5-3 (Groundball, 56S)
Top of the 4th over - 1 run(s), 1 hit(s), 0 error(s), 0 left on base; Belvedere Park 2 - Nortonville 5
BOTTOM OF THE 4TH
Nortonville Cherokees batting - Pitching for Belvedere Park Rawhides : RHP John Willis
Batting: LHB Anthony Trigg 0-0: Called Strike
0-1: Foul Ball, location: 2F
0-2: Ball
1-2: Foul Ball, location: 2F
1-2: Strikes out swinging
Batting: RHB Jim Unknown 0-0: Swinging Strike
0-1: Ball
1-1: Fly out, F9 (Flyball, 89M)
Batting: RHB David Sánchez 0-0: Ball
1-0: Called Strike
1-1: Ball
2-1: Ground out 6-3 (Groundball, 56)
Bottom of the 4th over - 0 run(s), 0 hit(s), 0 error(s), 0 left on base; Belvedere Park 2 - Nortonville 5
TOP OF THE 5TH
Belvedere Park Rawhides batting - Pitching for Nortonville Cherokees : LHP Homer O'Lannigan
Batting: LHB Dinis Marcha 0-0: Called Strike
0-1: Ball
1-1: Ground out 6-3 (Groundball, 6M)
Batting: RHB Fernando Rivera 0-0: SINGLE (Groundball, 6M)
Batting: SHB Ron Bunch 0-0: Called Strike
0-1: Ball
1-1: Ball
2-1: Ball
3-1: Fly out, F8 (Flyball, 8LM)
Batting: RHB Tom Strickland 0-0: Called Strike
0-1: Foul Ball, location: 2F
0-2: Ground out 1-3 (Groundball, 15)
Top of the 5th over - 0 run(s), 1 hit(s), 0 error(s), 1 left on base; Belvedere Park 2 - Nortonville 5
BOTTOM OF THE 5TH
Nortonville Cherokees batting - Pitching for Belvedere Park Rawhides : RHP John Willis
Batting: RHB Claudio Torres 0-0: Called Strike
0-1: Ball
1-1: Ground out 6-3 (Groundball, 6)
Batting: RHB Chris Oudekirk 0-0: Ground out U3 (Groundball, 3L)
Batting: RHB Bill Manning 0-0: Ball
1-0: Swinging Strike
1-1: Ball
2-1: Ball
3-1: Base on Balls
Batting: SHB Gonzalo Valentín 0-0: Ball
1-0: Called Strike
1-1: Fly out, F7 (Flyball, 78S)
Bottom of the 5th over - 0 run(s), 0 hit(s), 0 error(s), 1 left on base; Belvedere Park 2 - Nortonville 5
TOP OF THE 6TH
Belvedere Park Rawhides batting - Pitching for Nortonville Cherokees : LHP Homer O'Lannigan
Batting: RHB Javier Garza 0-0: Ball
1-0: Foul Ball, location: 2F
1-1: Fly out, F8 (Flyball, 8LS)
Batting: RHB Rob Young 0-0: Ball
1-0: Ball
2-0: Ground out 5-3 (Groundball, 56)
Batting: RHB Danny Penn 0-0: Foul Ball, location: 2F
0-1: Called Strike
0-2: Strikes out looking
Top of the 6th over - 0 run(s), 0 hit(s), 0 error(s), 0 left on base; Belvedere Park 2 - Nortonville 5
BOTTOM OF THE 6TH
Nortonville Cherokees batting - Pitching for Belvedere Park Rawhides : RHP John Willis
Batting: LHB Jafar Taha 0-0: Called Strike
0-1: Fly out, F4 (Popup, 4)
Batting: SHB Craig Barnes 0-0: Ball
1-0: Ball
2-0: Called Strike
2-1: Foul Ball, location: 2F
2-2: Ball
3-2: Base on Balls
Batting: LHB Anthony Trigg 0-0: Called Strike
0-1: Ball
1-1: Ball
2-1: Foul Ball, location: 2F
2-2: SINGLE (Flyball, 8RS)
Craig Barnes to second
Runner from 2nd tries for 3rd, SAFE, no throw or cutoff
Batting: RHB Jim Unknown 0-0: Ball
1-0: Ball
2-0: Ball
3-0: Called Strike
3-1: Grounds into double play, 5-4-3 (Groundball, 5L)
Bottom of the 6th over - 0 run(s), 1 hit(s), 0 error(s), 1 left on base; Belvedere Park 2 - Nortonville 5
TOP OF THE 7TH
Belvedere Park Rawhides batting - Pitching for Nortonville Cherokees : LHP Homer O'Lannigan
Batting: SHB Ryan Cook 0-0: Called Strike
0-1: Ball
1-1: Ball
2-1: Ground out 5-3 (Groundball, 56)
Batting: RHB Pedro Jiménez 0-0: Ball
1-0: Foul Ball, location: 2F
1-1: Ground out 6-3 (Groundball, 6)
Batting: LHB Dinis Marcha 0-0: Foul Ball, location: 2F
0-1: Foul Ball, location: 2F
0-2: Foul Ball, location: 2F
0-2: Ball
1-2: Foul Ball, location: 2F
1-2: Ground out 6-3 (Groundball, 6M)
Top of the 7th over - 0 run(s), 0 hit(s), 0 error(s), 0 left on base; Belvedere Park 2 - Nortonville 5
BOTTOM OF THE 7TH
Nortonville Cherokees batting - Pitching for Belvedere Park Rawhides : RHP John Willis
Batting: RHB David Sánchez 0-0: Called Strike
0-1: Ground out 6-3 (Groundball, 6)
Batting: RHB Claudio Torres 0-0: Foul Ball, location: 2F
0-1: Fly out, F8 (Flyball, 8RM)
Batting: RHB Chris Oudekirk 0-0: Foul Ball, location: 2F
0-1: Ball
1-1: Fly out, F9 (Flyball, 9S)
Bottom of the 7th over - 0 run(s), 0 hit(s), 0 error(s), 0 left on base; Belvedere Park 2 - Nortonville 5
TOP OF THE 8TH
Belvedere Park Rawhides batting - Pitching for Nortonville Cherokees : LHP Homer O'Lannigan
Batting: RHB Fernando Rivera 0-0: Ball
1-0: Fly out, F9 (Popup, 34D)
Batting: SHB Ron Bunch 0-0: Ball
1-0: SINGLE (Line Drive, 6M)
Pitching: RHP Roberto Cabrera
Batting: RHB Tom Strickland 0-0: Ball
1-0: Ball
2-0: Called Strike
2-1: Swinging Strike
2-2: SINGLE (Line Drive, 4M)
Ron Bunch to second
Batting: RHB Javier Garza 0-0: Called Strike
0-1: 3-RUN HOME RUN (Flyball, 78D), Distance : 424 ft
Pitching: RHP Justin Reynolds
Pinch Hitting: RHB Eddy Baxter 0-0: Ball
1-0: Fly out, F8 (Flyball, 8RM)
Batting: RHB Danny Penn 0-0: Ball
1-0: Called Strike
1-1: SINGLE (Line Drive, 89S)
Pinch Hitting: RHB Justin Miles 0-0: Called Strike
0-1: Called Strike
0-2: Ball
1-2: Fielders Choice at 2nd, 6-4 (Groundball, 56)
Top of the 8th over - 3 run(s), 4 hit(s), 0 error(s), 0 left on base; Belvedere Park 5 - Nortonville 5
BOTTOM OF THE 8TH
Nortonville Cherokees batting - Pitching for Belvedere Park Rawhides : RHP John Willis
Now at SS: Chad Graham
Now in LF: Monte Adams
Batting: RHB Bill Manning 0-0: Ball
1-0: SINGLE (Groundball, 5L) (infield hit)
Batting: SHB Gonzalo Valentín 0-0: SINGLE (Line Drive, 9S)
Bill Manning to second
Runner from 2nd tries for 3rd, SAFE, throw made to third
Batting: LHB Jafar Taha 0-0: Swinging Strike
0-1: SINGLE (Groundball, 23) (infield hit)
Bill Manning scores
Gonzalo Valentín to second
Batting: SHB Craig Barnes 0-0: Ball
1-0: Ball
2-0: Sac Bunt - play at first, batter OUT! 1-4
Gonzalo Valentín to third
Jafar Taha to second
Pitching: RHP Enrique Rodríguez
Batting: LHB Anthony Trigg 0-0: Ground out 6-3 (Groundball, 6)
Batting: RHB Jim Unknown 0-0: Foul Ball, location: 2F
0-1: Foul Ball, location: 2F
0-2: Ball
1-2: Foul Ball, location: 2F
1-2: Ball
2-2: Foul Ball, location: 2F
2-2: Ground out 6-3 (Groundball, 6M)
Bottom of the 8th over - 1 run(s), 3 hit(s), 0 error(s), 2 left on base; Belvedere Park 5 - Nortonville 6
TOP OF THE 9TH
Belvedere Park Rawhides batting - Pitching for Nortonville Cherokees : RHP Justin Reynolds
Pitching: RHP Tom Hernández
Now at C: Rick Johnson
Now at 1B: Cristián Cruz
Now at 2B: Chris Cordell
Batting: RHB Pedro Jiménez 0-0: Called Strike
0-1: Ball
1-1: Ball
2-1: SINGLE (Line Drive, 89S)
Batting: LHB Dinis Marcha 0-0: Ball
1-0: Bunted foul
1-1: Bunted foul
1-2: Ball
2-2: Strikes out swinging
Pinch Hitting: RHB Jim Unknown 0-0: Foul Ball, location: 2F
0-1: Ball
1-1: Ball
2-1: Foul Ball, location: 2F
2-2: Ball
3-2: Grounds into double play, 4-6-3 (Groundball, 34)
Top of the 9th over - 0 run(s), 1 hit(s), 0 error(s), 0 left on base; Belvedere Park 5 - Nortonville 6
This league is powered by Out of the Park Baseball, the baseball management simulation game for PC, Mac and Linux
Friday, January 22nd, 2016 - OOTP Baseball 16.9 Build 39